 Dungeon Crawl Stone Soup version 0.30.0-19-g36f170ea60 (webtiles) character file.

Game seed: 444372945894348459

1213 FishyPogo the Grave Robber (level 8, -1/39 HPs)
             Began as a Vine Stalker Necromancer on June 1, 2023.
             Was an Initiate of Ashenzari.
             Slain by Maggie
             ... wielding a +0 morningstar of flaming
              (2 damage)
             ... on level 6 of the Dungeon.
             The game lasted 00:24:59 (6521 turns).

FishyPogo the Grave Robber (VSNe)                   Turns: 6521, Time: 00:25:02

Health: -1/39      AC:  5    Str: 12    XL:     8   Next: 46%
Magic:  0/15       EV: 12    Int: 17    God:    Ashenzari [......]
Gold:   388        SH:  0    Dex: 14    Spells: 9/15 levels left

rFire   . . .        b - +4 sling (freeze)
rCold   . . .        (no shield)
rNeg    . . .        q - +1 leather armour {rPois}
rPois   +            (no helmet)
rElec   .            f - +0 cloak of the Celestial Prison {Comp, Cun} (curse)
rCorr   .            (no gloves)
SInv    .            (no boots)
Will    +....        (no amulet)
Stlth   +++          (no ring)
HPRegen 1.06/turn    (no ring)
MPRegen 0.14/turn

%: guardian spirit
@: mesmerised
A: fangs 3, regeneration 1, magic shield, antimagic bite, no potion heal 2
a: Renounce Religion, Shatter the Chains


You were on level 6 of the Dungeon.
You worshipped Ashenzari.
Ashenzari was noncommittal.
You visited 2 branches of the dungeon, and saw 7 of its levels.

You collected 388 gold pieces.

Inventory:

Hand Weapons
 b - a +4 sling of freezing (weapon)
Missiles
 e - 53 stones
 p - 3 boomerangs
 x - 6 atropa-tipped darts
Armour
 f - the cursed +0 cloak of the Celestial Prison (worn) {Comp, Cun}
   (You found it on level 5 of the Dungeon)

   It has a curse which improves the following skills: Companions: Summonings
   and Necromancy.
   Cunning:   Dodging and Stealth.
 q - a +1 leather armour of poison resistance (worn)
 C - a +0 robe
Magical Staves
 a - a staff of air
Jewellery
 D - a ring of protection from cold
Wands
 u - a wand of iceblast (14)
 w - a wand of light (9)
Scrolls
 g - 6 scrolls of identify {unknown}
 k - 2 scrolls of magic mapping {unknown}
 l - a scroll of amnesia {unknown}
 n - 2 scrolls of fear {unknown}
 r - a scroll of fog {unknown}
 t - a scroll of enchant armour {unknown}
 y - a scroll of teleportation
 z - a scroll of enchant weapon {unknown}
 E - a scroll of blinking {unknown}
Potions
 c - a potion of lignification {unknown}
 d - 2 potions of might
 h - a potion of invisibility {unknown}
 i - 4 potions of heal wounds {unknown}
 j - 4 potions of curing {unknown}
 m - 3 potions of berserk rage {unknown}
 o - a potion of magic
 s - a potion of haste {unknown}
 v - a potion of attraction {unknown}
 A - a potion of ambrosia
 B - a potion of brilliance {unknown}


   Skills:
 + Level 2.9 Fighting
 + Level 2.4 Ranged Weapons
 * Level 3.3 Armour
 - Level 2.0(2.3) Dodging
 + Level 4.8(5.2) Stealth
 - Level 1.0 Unarmed Combat
 - Level 4.0 Spellcasting
 * Level 6.4(6.9) Necromancy
 + Level 1.4 Translocations
 + Level 1.2 Air Magic


You had 9 spell levels left.
You knew the following spells:

 Your Spells              Type           Power      Damage    Failure   Level
a - Necrotise             Necr           100%       1d9       1%          1
b - Vampiric Draining     Necr           26%        2d7       3%          3
c - Blink                 Tloc           16%        N/A       17%         2

Your spell library contained the following spells:

 Spells                   Type           Power      Damage    Failure   Level
 Animate Dead             Necr           26%        N/A       12%         4
 Lesser Beckoning         Tloc           16%        N/A       17%         2
 Momentum Strike          Conj/Tloc      10%        3d8       22%         2
 Agony                    Necr           26%        N/A       32%         5
 Vhi's Electric Charge    Tloc/Air       14%        N/A       34%         3
 Arcjolt                  Conj/Air       2%         1d12      99%         5
 Maxwell's Capacitive Co  Air            3%         ∞         100%        8


Dungeon Overview and Level Annotations

Branches:
Dungeon (6/15)             Temple (1/1) D:5

Altars:
Ashenzari
Cheibriados
Dithmenos
Fedhas
Gozag
Hepliaklqana
Kikubaaqudgha
Nemelex Xobeh
Okawaru
Qazlal
Sif Muna
Trog
Uskayaw
Vehumet
Wu Jian
Yredelemnul
Zin
The Shining One

Annotations:
D:6 Maggie


Innate Abilities, Weirdness & Mutations

You have razor-sharp teeth.
Your natural rate of healing is unusually fast.
When hurt, damage is shared between your health and your magic reserves.
Your bite disrupts and absorbs the magic of your enemies.
Potions cannot restore your health.


Message History

You are too confused!
Unknown command.
You bump into the rock wall.
Maggie closely misses you.
You clumsily bash Maggie but do no damage.
You bite Maggie, but do no damage.
Maggie is heavily wounded.
Maggie hits you with a +0 morningstar of flaming.
* * * LOW HITPOINT WARNING * * *
Maggie burns you.
You miss Maggie. Your bite misses Maggie.
Maggie is heavily wounded.
Maggie hits you but does no damage.
Maggie points at you and mumbles some strange words.
The bolt of fire misses you.
You closely miss Maggie.
Maggie is heavily wounded.
Maggie hits you with a +0 morningstar of flaming.
* * * LOW HITPOINT WARNING * * *
Maggie burns you.
* * * LOW HITPOINT WARNING * * *
You're too confused to move!
You feel less invigorated.
You feel less confused. Maggie closely misses you.
You shoot a sling bullet.
The sling bullet completely misses Maggie.
Maggie hits you with a +0 morningstar of flaming!
* * * LOW HITPOINT WARNING * * *
Maggie burns you. Maggie barely misses you.
You shoot a sling bullet. The sling bullet hits Maggie!
The sling bullet freezes Maggie.
Maggie is severely wounded.
Maggie points at you and mumbles some strange words.
The bolt of fire misses you.
You shoot a sling bullet. The sling bullet hits Maggie.
The sling bullet freezes Maggie.
Maggie is severely wounded.
Maggie hits you with a +0 morningstar of flaming!
* * * LOW HITPOINT WARNING * * *
Maggie burns you.
You die...

)# #.# .# #.# .#
#.# .# #.# .# #.#
.### #.# ...# #.#
# ##.#
####.#######.#####
#.#
#.....†...@.......
#.#
#.##..#####@#####.
#.# #.##..# .#
##.####.##..# .#
............# .#
##......##### ..
######.# .. ....
## #..##.#


You could see Maggie (mesmerising).

Vanquished Creatures
  Sigmund (D:3)
  2 black bears (D:4)
  An ice beast (D:5)
  An ogre (D:5)
  Blork the orc (D:4)
  3 scorpions
  2 hounds
  A jelly (D:4)
  A sleepcap (D:5)
  Jessica (D:3)
  Ijyb (D:5)
  2 iguanas
  An orc wizard (D:6)
  3 adders
  A worm (D:4)
  4 dart slugs
  12 orcs
  10 ball pythons
  5 endoplasms
  2 giant cockroaches
  5 goblins
  6 hobgoblins
  8 jackals
  8 kobolds
  6 quokkas
  6 bats
  6 frilled lizards
  8 rats
108 creatures vanquished.

Vanquished Creatures (collateral kills)
  A scorpion (D:5)
  An adder (D:2)
  An orc (D:3)
  An endoplasm (D:1)
  2 frilled lizards
  A kobold (D:1)
7 creatures vanquished.

Grand Total: 115 creatures vanquished

Notes
Turn   | Place    | Note
-------+----------+-------------------------------------------
     0 | D:1      | FishyPogo the Vine Stalker Necromancer began the quest for
                  | the Orb.
     0 | D:1      | Reached XP level 1. HP: 9/9 MP: 4/4
     2 | D:1      | Noticed a merfolk
     2 | D:1      | Noticed a naga
     6 | D:1      | Noticed a vampire
     6 | D:1      | Noticed a minotaur
     8 | D:1      | Noticed an armataur
     8 | D:1      | Noticed a vine stalker
    10 | D:1      | Noticed a ghoul
    12 | D:1      | Noticed a tengu
    12 | D:1      | Noticed a formicid
    14 | D:1      | Noticed a gargoyle
    14 | D:1      | Noticed a demigod
    16 | D:1      | Noticed a spriggan
    16 | D:1      | Noticed a draconian
    18 | D:1      | Noticed a troll
    18 | D:1      | Noticed an octopode
    20 | D:1      | Noticed an elf
    20 | D:1      | Noticed a felid
    22 | D:1      | Noticed an ogre
    22 | D:1      | Noticed a demonspawn
    24 | D:1      | Noticed a meteoran
    26 | D:1      | Noticed an armataur
   167 | D:1      | Reached XP level 2. HP: 13/13 MP: 3/6
   723 | D:1      | Reached XP level 3. HP: 12/17 MP: 3/7
  1636 | D:2      | Gained mutation: Your natural rate of healing is unusually
                  | fast. [Vine Stalker growth]
  1636 | D:2      | Reached XP level 4. HP: 21/21 MP: 5/8
  1737 | D:2      | Learned a level 3 spell: Vampiric Draining
  1819 | D:2      | Reached skill level 1 in Fighting
  1819 | D:2      | Reached skill level 1 in Unarmed Combat
  2298 | D:3      | Noticed Sigmund
  2590 | D:3      | Noticed a scorpion
  2601 | D:3      | Killed a scorpion
  2602 | D:3      | Reached skill level 5 in Necromancy
  2602 | D:3      | Reached XP level 5. HP: 25/25 MP: 3/10
  2891 | D:3      | Noticed Jessica
  2892 | D:3      | Killed Jessica
  2898 | D:3      | Reached skill level 1 in Armour
  3123 | D:3      | Killed Sigmund
  3124 | D:3      | Reached skill level 1 in Ranged Weapons
  3124 | D:3      | Reached XP level 6. HP: 30/30 MP: 0/11
  3475 | D:4      | Noticed a black bear
  3562 | D:4      | Noticed Blork the orc
  3569 | D:4      | Killed Blork the orc
  3570 | D:4      | Reached XP level 7. HP: 26/35 MP: 2/12
  4186 | D:4      | Reached skill level 6 in Necromancy
  4377 | D:4      | Learned a level 2 spell: Blink
  4415 | D:5      | Entered Level 5 of the Dungeon
  4887 | D:5      | Gained mutation: You have razor-sharp teeth. [Vine Stalker
                  | growth]
  4887 | D:5      | Reached XP level 8. HP: 39/39 MP: 12/14
  4945 | D:5      | Found a staircase to the Ecumenical Temple.
  4955 | D:5      | Noticed Ijyb
  5012 | D:5      | Killed Ijyb
  5024 | Temple   | Entered the Ecumenical Temple
  5113 | Temple   | Became a worshipper of Ashenzari the Shackled
  5255 | D:5      | Found an ancient bone altar of Kikubaaqudgha.
  5672 | D:5      | Reached skill level 1 in Translocations
  6266 | D:6      | Reached skill level 1 in Air Magic
  6505 | D:6      | Noticed Maggie
  6521 | D:6      | HP: 1/39 [Maggie/+0 morningstar of flaming (5)]
  6521 | D:6      | Slain by Maggie

Illustrated notes

Levels and vault maps discovered:
D:1:      kb_arrival_jail, layout_loops_ring
D:2:      minmay_angry_zag, layout_loops_ring
D:3:      minmay_chambers_of_twos, layout_rooms, hex_tiny, nicolae_eternal_life,
          grunt_ministairs_15, chequers_big_river, uniq_jessica, uniq_sigmund
D:4:      layout_loops_ring, uniq_blork_the_orc
D:5:      layout_layer_cave, general_overflow_altar,
          minmay_temple_entry_gardened_gates, minmay_misc_feat_doors, uniq_ijyb
D:6:      layout_loops_ring, item_on_display_a, uniq_pikel, uniq_maggie
Temple:   minmay_temple_bridge_d

Skill      XL: |  1  2  3  4  5  6  7  8 |
---------------+-------------------------+-----
Dodging        | 2 |  2.0
Fighting       | 1 2 |  2.9
Unarmed Combat | 1 |  1.0
Stealth        | 3 4 |  4.8
Necromancy     | 5 6 |  6.4
Armour         | 1 2 3 |  3.3
Spellcasting   | 3 4 |  4.0
Ranged Weapons | 1 2 |  2.4
Translocations | 1 |  1.4
Air Magic      | 1 |  1.2

Action                     |  1- 3 |  4- 6 |  7- 9 || total
---------------------------+-------+-------+-------++-------
  Melee: Unarmed           |    19 |     3 |       ||    22
         Bite              |     4 |       |     2 ||     6
         Staff             |       |       |     6 ||     6
         Sling             |       |       |     3 ||     3
         Punch             |       |       |     1 ||     1
   Fire: Sling             |       |    41 |    49 ||    90
   Cast: Necrotise         |    79 |    63 |    64 ||   206
         Vampiric Draining |       |     1 |    10 ||    11
 Invoke: Curse Item        |       |       |     1 ||     1
    Use: Scroll            |       |     1 |     1 ||     2
         Potion            |       |     1 |     1 ||     2
   Stab: Distracted        |     1 |       |       ||     1
 Armour: Robe              |     4 |     7 |       ||    11
         Leather armour    |       |     5 |    15 ||    20
  Dodge: Dodged            |    25 |    25 |    32 ||    82
